 Dungeon Crawl Stone Soup version 0.13.0-26-gf7ffa3a (webtiles) character file.

176 Lilouch the Firebug (level 4, -4/24 HPs)
             Began as a Deep Elf Fire Elementalist on Nov 1, 2013.
             Killed from afar by an orc wizard (10 damage)
             ... with a magic dart
             ... on Level 3 of the Dungeon.
             The game lasted 00:21:40 (3025 turns).

Lilouch the Firebug (Deep Elf Fire Elementalist)    Turns: 3025, Time: 00:21:40

HP  -4/24        AC  2     Str  5      XL: 4   Next: 16%
MP   0/12        EV 13     Int 21      God:
Gold 97          SH  0     Dex 15      Spells:  2 memorised,  5 levels left

Res.Fire  : . . .   See Invis. : .   n - +0,+2 whip
Res.Cold  : . . .   Warding    : .   a - +0 elf robe
Life Prot.: . . .   Conserve   : .   (no shield)
Res.Poison: .       Res.Corr.  : .   (no helmet)
Res.Elec. : .       Clarity    : .   (no cloak)
Sust.Abil.: . .     Spirit.Shd : .   (no gloves)
Res.Mut.  : .       Stasis     : .   (no boots)
Res.Rott. : .       Flight     : .   (no amulet)
Saprovore : . . .                    (no ring)
                                     (no ring)

@: very slightly contaminated, slightly resistant to hostile enchantments,
fairly stealthy
A: no striking features
a: no special abilities


You were on level 3 of the Dungeon.
You were very hungry.

You visited 1 branch of the dungeon, and saw 3 of its levels.

You collected 77 gold pieces.

Inventory:

Hand weapons
 n - a +0,+2 whip (weapon)
Missiles
 k - 16 poisoned needles
Armour
 a - a +0 elven robe (worn)
 s - a +0 ring mail
Comestibles
 c - 2 bread rations
 d - a lemon
 w - a sausage
 z - a meat ration
Scrolls
 f - a scroll of enchant weapon II {unknown}
 g - 2 scrolls of fear {unknown}
 i - 2 scrolls of teleportation {unknown}
 j - 2 scrolls of remove curse {unknown}
 o - a scroll of blinking {unknown}
 p - a scroll of amnesia {unknown}
 q - a scroll of enchant weapon I {unknown}
 r - a scroll of curse armour {unknown}
 t - 3 scrolls of identify {unknown}
 u - a scroll of noise {unknown}
 x - a scroll of magic mapping {unknown}
Potions
 e - a potion of curing {unknown}
 h - a potion of resistance {unknown}
 l - a potion of might {unknown}
 m - 3 potions of heal wounds {unknown}
 B - a potion of agility {unknown}
Books
 b - a book of Flames

   Spells                             Type                      Level
   *Flame Tongue                      Conjuration/Fire             1
   *Throw Flame                       Conjuration/Fire             2
   Conjure Flame                      Conjuration/Fire             3
   Inner Flame                        Hexes/Fire                   3
   Sticky Flame                       Conjuration/Fire             4
   Fireball                           Conjuration/Fire             5


   Skills:
 + Level 1.4 Armour
 - Level 2.4 Dodging
 - Level 2.4 Stealth
 + Level 2.9 Spellcasting
 + Level 2.1 Conjurations
 + Level 4.1 Fire Magic


You had 5 spell levels left.
You knew the following spells:

 Your Spells              Type           Power        Failure   Level  Hunger
a - Flame Tongue          Conj/Fire      ###..        4%          1    None
b - Throw Flame           Conj/Fire      ###...       8%          2    ##.....


Dungeon Overview and Level Annotations

Branches:
Dungeon (3/27)

Altars:
Ashenzari


Message History

Confirm with . or Enter, or press ? or * to list all spells.
You don't know that spell.
Casting: Throw Flame
Confirm with . or Enter, or press ? or * to list all spells.
Aiming: Flame Tongue
Press: ? - help, Shift-Dir - straight line, f - orc
Aim: an orc, wielding an orcish mace The flame hits the orc.
You kill the orc!
Casting: Flame Tongue
Confirm with . or Enter, or press ? or * to list all spells.
Aiming: Flame Tongue
Press: ? - help, Shift-Dir - straight line, f - orc
Aim: an orc, wielding an orcish hand axe You miscast Flame Tongue.
You smell something strange.
You hear some strange, mumbled words.
The puff of flame hits you!
* * * LOW HITPOINT WARNING * * *
The magic dart hits you!
You die...

. #..o #.. ..
.###.##################.#
...
....................#.#.##..
.a...o......................
##..<#.o#... .....#.....#.#
#.#.#..# ...#.#.......####.
#.#.#.$ #.#...............
.$#.#..#######........<...#
####.#......)o..@......#...#
#.#......######...#.#...#
..#........# #..>........
###......#.# #...#...#.###
#......#.# #...###.#.#
#......#.# #.........#
########.####.#.....#<...
#......#..##### #...####..#


You could see an orc.

Vanquished Creatures
  An adder (D:2)
  A gnoll (D:1)
  A worm (D:2)
  3 oozes
  2 orcs (D:3)
  2 giant cockroaches
  7 goblins
  8 hobgoblins
  4 jackals (D:1)
  2 quokkas (D:2)
  4 bats
  4 giant newts (D:2)
  3 kobolds
  4 rats
46 creatures vanquished.

Notes
Turn   | Place    | Note
--------------------------------------------------------------
     0 | D:1      | Lilouch, the Deep Elf Fire Elementalist, began the quest for the Orb.
     0 | D:1      | Reached XP level 1. HP: 10/10 MP: 4/4
   643 | D:1      | Reached XP level 2. HP: 15/15 MP: 0/7
  1007 | D:1      | Learned a level 2 spell: Throw Flame
  1126 | D:1      | Reached skill level 1 in Armour
  1227 | D:1      | Reached XP level 3. HP: 19/19 MP: 3/9
  1593 | D:2      | Found a shattered altar of Ashenzari.
  2181 | D:2      | Reached skill level 4 in Fire Magic
  2895 | D:2      | Reached XP level 4. HP: 22/24 MP: 6/12
  3025 | D:3      | Killed from afar by an orc wizard

Action                   |  1- 3 |  4- 6 || total
-------------------------+-------+-------++-------
Melee: Unarmed           |    16 |       ||    16
       Whip              |    14 |       ||    14
 Cast: Flame Tongue      |    49 |     4 ||    53
       Throw Flame       |    32 |     5 ||    37
